 Dungeon Sprint DCSS version 0.19-a0-1895-g783e625 (webtiles) character file.

25 poirepourri the Ruffian (level 3, 0/30 (31) HPs)
             Began as a Ghoul Warper on Oct 18, 2016.
             Slain by an ogre
             ... wielding a +0 giant spiked club
              (3 damage)
             ... in the Dungeon (Sprint I: "Red Sonja").
             The game lasted 00:00:56 (319 turns).

poirepourri the Ruffian (Ghoul Warper)               Turns: 319, Time: 00:00:57

HP:   0/30 (31)     AC:  3    Str: 19    XL:     3   Next: 4%
MP:   6/6           EV: 12    Int:  8    God:
Gold: 0             SH:  0    Dex:  9    Spells: 3 memorised, 0 levels left

rFire  . . .     SeeInvis .       - Unarmed
rCold  + . .     Gourm    .     a - +0 leather armour
rNeg   + + +     Faith    .     (no shield)
rPois  ∞         Spirit   .     (no helmet)
rElec  .         Reflect  .     (no cloak)
rCorr  .         Harm     .     (no gloves)
MR     .....     NoTele   +     (no boots)
Stlth  +.........               (no amulet)
                                (no ring)
                                (no ring)

@: mighty, rotting
A: rotting body, claws 1, carnivore 3, cold resistance 1, negative energy
resistance 3, slow regeneration 1, torment resistance, unbreathing
a: no special abilities


You were in the Dungeon.
You were not hungry.

You visited 1 branch

Inventory:

Missiles
 d - 2 tomahawks of dispersal (quivered)
Armour
 a - a +0 leather armour (worn)
Scrolls
 c - 2 scrolls of blinking
Potions
 e - a potion of curing
 h - a potion of haste
 i - 2 potions of magic
 j - a potion of berserk rage
Books
 b - a book of Spatial Translocations

   Spells                             Type                      Level
   a - Blink                          Translocation                2
   b - Shroud of Golubria             Charms/Translocation         2
   c - Lesser Beckoning               Translocation                3
   d - Portal Projectile              Translocation                3
   e - Teleport Other                 Translocation                3
   f - Passage of Golubria            Translocation                4
Comestibles
 f - a meat ration


   Skills:
 + Level 3.5 Fighting
 - Level 1.0 Throwing
 - Level 1.4 Armour
 + Level 3.1 Dodging
 + Level 3.7 Unarmed Combat
 + Level 2.8 Spellcasting
 + Level 2.6 Translocations


You couldn't memorise any spells.
You knew the following spells:

 Your Spells              Type           Power        Failure   Level  Hunger
a - Blink                 Tloc           N/A          24%         2    ###....
b - Shroud of Golubria    Chrm/Tloc      #.........   34%         2    ###....
c - Lesser Beckoning      Tloc           #.........   45%         3    ####...


Dungeon Overview and Level Annotations

Branches:
Dungeon (1/1)

Altars:


Innate Abilities, Weirdness & Mutations

Your body is rotting away.
You thrive on raw meat.
You are immune to poison.
You have sharp fingernails.
You are carnivorous and can eat meat at any time.
Your flesh is cold resistant. (rC+)
You are immune to negative energy. (rN+++)
You regenerate slowly when monsters are visible.
You are immune to unholy pain and torment.
You can survive without breathing.


Message History

The ogre is lightly wounded.
The ogre hits you with a giant spiked club.
You scratch the ogre but do no damage.
The ogre is lightly wounded.
The ogre hits you with a giant spiked club.
You claw the ogre!
The ogre is moderately wounded.
You scratch the ogre.
The ogre is heavily wounded.
The ogre barely misses you.
You scratch the ogre.
The ogre is heavily wounded.
The ogre hits you with a giant spiked club!
Ouch! That really hurt!
* * * LOW HITPOINT WARNING * * *
You feel very mighty all of a sudden.
You scratch the ogre.
The ogre is severely wounded.
The ogre hits you with a giant spiked club.
You die...

##########
#<.#..'..#
#.@O).#
#..####
#..# #..#
#..# #⌠⌠#
####


You could see an ogre.

Vanquished Creatures
  Ijyb (D)
1 creature vanquished.

Notes
Turn   | Place    | Note
-------+----------+-------------------------------------------
     0 | D        | poirepourri the Ghoul Warper began the quest for the Orb.
     0 | D        | Reached XP level 1. HP: 17/17 MP: 2/2
     2 | D        | Noticed Ijyb
    36 | D        | Killed Ijyb
    36 | D        | Reached skill level 1 in Throwing
    36 | D        | Reached skill level 1 in Armour
    36 | D        | Reached XP level 2. HP: 4/26 MP: 2/4
    36 | D        | Reached XP level 3. HP: 5/31 MP: 3/6
   290 | D        | Learned a level 2 spell: Blink
   293 | D        | Learned a level 2 spell: Shroud of Golubria
   297 | D        | Learned a level 3 spell: Lesser Beckoning
   310 | D        | Noticed an ogre
   319 | D        | Slain by an ogre

Vault maps used:
D:        dungeon_sprint_1

Skill      XL: |  1 |
---------------+----+-----
Fighting       | 3 |  3.5
Throwing       | 1 |  1.0
Armour         | 1 |  1.4
Dodging        | 3 |  3.1
Unarmed Combat | 3 |  3.7
Spellcasting   | 2 |  2.8
Translocations | |  2.6

Action                   || total
-------------------------++-------
Melee: Unarmed           ||    38
       Punch             ||     1
Throw: Tomahawk          ||     3
  Use: Potion            ||     2
Armor: Leather armour    ||     5
Dodge: Dodged            ||    12
